NCAA
UTAH UTES @ INDIANA HOOSIERS
05/01/2028
 
TOP OF THE 1ST
Utah Utes batting - Pitching for Indiana Hoosiers : RHP José Díaz
Pitching: RHP José Díaz
Batting: LHB Jason King 0-0: Called Strike
0-1: Called Strike
0-2: Fly out, F8 (Flyball, 8RM)
Batting: RHB José Ayala 0-0: Ball
1-0: Called Strike
1-1: Swinging Strike
1-2: Ball
2-2: Strikes out swinging
Batting: SHB John May 0-0: Ball
1-0: Called Strike
1-1: Foul Ball, location: 2F
1-2: Strikes out swinging
Top of the 1st over - 0 run(s), 0 hit(s), 0 error(s), 0 left on base; Utah 0 - Indiana 0
BOTTOM OF THE 1ST
Indiana Hoosiers batting - Pitching for Utah Utes : RHP Scot Robertson
Pitching: RHP Scot Robertson
Batting: LHB Michael Hanson 0-0: Ball
1-0: Foul Ball, location: 2F
1-1: Ball
2-1: Ball
3-1: Bunt for hit - play at first, batter OUT! 3-4
Batting: RHB Chris Wilson 0-0: Ball
1-0: SINGLE (Line Drive, 6)
Batting: RHB Phil Martin 0-0: Ball
1-0: Ball
2-0: 2-RUN HOME RUN (Flyball, 7D), Distance : 370 ft
Batting: RHB Palmer Frazier 0-0: Ball
1-0: Called Strike
1-1: Ball
2-1: Foul Ball, location: 2F
2-2: Foul Ball, location: 2F
2-2: Ball
3-2: Base on Balls
Batting: RHB Frank Reed 0-0: Foul Ball, location: 2F
0-1: Ground out 5-3 (Groundball, 56S)
Palmer Frazier to second
Batting: RHB Justin López 0-0: Called Strike
0-1: Ball
1-1: Ball
2-1: Ball
3-1: Base on Balls
Batting: RHB Norm Walker 0-0: Called Strike
0-1: Ball
1-1: Ball
2-1: Called Strike
2-2: Ball
3-2: Fly out, F7 (Line Drive, 78S)
Bottom of the 1st over - 2 run(s), 2 hit(s), 0 error(s), 2 left on base; Utah 0 - Indiana 2
TOP OF THE 2ND
Utah Utes batting - Pitching for Indiana Hoosiers : RHP José Díaz
Batting: RHB Randy Banks 0-0: Ball
1-0: Called Strike
1-1: Foul Ball, location: 2F
1-2: Strikes out looking
Batting: LHB Robby Bland 0-0: Ball
1-0: Ball
2-0: Ball
3-0: Called Strike
3-1: Foul Ball, location: 2F
3-2: Foul Ball, location: 2F
3-2: Foul Ball, location: 2F
3-2: Fly out, F4 (Line Drive, 4)
Batting: RHB Anthony O'Bryan 0-0: Ball
1-0: Ball
2-0: Ball
3-0: Called Strike
3-1: Foul Ball, location: 2F
3-2: Foul Ball, location: 2F
3-2: SINGLE (Flyball, 78S) - OUT at second base trying to stretch hit.
Top of the 2nd over - 0 run(s), 1 hit(s), 0 error(s), 0 left on base; Utah 0 - Indiana 2
BOTTOM OF THE 2ND
Indiana Hoosiers batting - Pitching for Utah Utes : RHP Scot Robertson
Batting: RHB Roberto Arce 0-0: Called Strike
0-1: DOUBLE (Flyball, 78D)
Pinch Runner at 2nd Millard Crawford:
Batting: RHB Luis Marquis 0-0: Foul Ball, location: 2F
0-1: Fly out, F8 (Flyball, 8LM)
Batting: LHB Michael Hanson 0-0: Ball
1-0: Ball
2-0: Foul Ball, location: 2F
2-1: Ball
3-1: Swinging Strike
3-2: Base on Balls
Batting: RHB Chris Wilson 0-0: Ball
1-0: Called Strike
1-1: Fly out, F9 (Flyball, 89M)
Batting: RHB Phil Martin 0-0: Ball
Wild Pitch!
Millard Crawford to third
Michael Hanson to second
1-0: Swinging Strike
1-1: Foul Ball, location: 2F
1-2: Fly out, F9 (Flyball, 9S)
Bottom of the 2nd over - 0 run(s), 1 hit(s), 0 error(s), 2 left on base; Utah 0 - Indiana 2
TOP OF THE 3RD
Utah Utes batting - Pitching for Indiana Hoosiers : RHP José Díaz
Now at 3B: Millard Crawford
Batting: RHB Steve Welch 0-0: Called Strike
0-1: Ground out 6-3 (Groundball, 6)
Batting: RHB Kevin Hernández 0-0: Ball
1-0: Called Strike
1-1: Called Strike
1-2: Ball
2-2: Foul Ball, location: 2F
2-2: Foul Ball, location: 2F
2-2: SINGLE (Line Drive, 56)
Batting: SHB Josh Conner 0-0: Called Strike
0-1: Called Strike
0-2: Strikes out swinging
Batting: LHB Jason King 0-0: Ball
1-0: Called Strike
1-1: Fly out, F9 (Flyball, 9S)
Top of the 3rd over - 0 run(s), 1 hit(s), 0 error(s), 1 left on base; Utah 0 - Indiana 2
BOTTOM OF THE 3RD
Indiana Hoosiers batting - Pitching for Utah Utes : RHP Scot Robertson
Batting: RHB Palmer Frazier 0-0: Ball
1-0: Called Strike
1-1: Called Strike
1-2: Foul Ball, location: 2F
1-2: Ball
2-2: Ball
3-2: Foul Ball, location: 2F
3-2: Foul Ball, location: 2F
3-2: Foul Ball, location: 2F
3-2: Base on Balls
Batting: RHB Frank Reed 0-0: Called Strike
0-1: Ball
1-1: Ball
2-1: Foul Ball, location: 2F
2-2: Foul Ball, location: 2F
2-2: Strikes out swinging
Batting: RHB Justin López 0-0: Ball
1-0: Called Strike
1-1: Ball
2-1: Ball
3-1: Base on Balls
Palmer Frazier to second
Batting: RHB Norm Walker 0-0: Called Strike
0-1: Ball
1-1: Called Strike
1-2: Ball
2-2: Ground out 5-3 (Groundball, 56S)
Palmer Frazier to third
Justin López to second
Batting: RHB Millard Crawford 0-0: Ball
1-0: Ball
2-0: Foul Ball, location: 2F
2-1: Ball
3-1: Fly out, F8 (Flyball, 8RM)
Bottom of the 3rd over - 0 run(s), 0 hit(s), 0 error(s), 2 left on base; Utah 0 - Indiana 2
TOP OF THE 4TH
Utah Utes batting - Pitching for Indiana Hoosiers : RHP José Díaz
Batting: RHB José Ayala 0-0: Ball
1-0: Called Strike
1-1: Swinging Strike
1-2: Ball
2-2: Ball
3-2: Reached on error, E9 (Flyball, 9S)
Batting: SHB John May 0-0: Ball
1-0: Ball
2-0: Foul Ball, location: 2F
2-1: Ball
Error on foul ball, E3
3-2: Strikes out swinging
Batting: RHB Randy Banks 0-0: Called Strike
0-1: Swinging Strike
0-2: Ball
1-2: Ground out 5-3 (Groundball, 56S)
José Ayala to second
Batting: LHB Robby Bland 0-0: SINGLE (Groundball, 4D)
José Ayala to third
Runner from 3rd tries for Home, SAFE, no throw
Batting: RHB Anthony O'Bryan 0-0: Swinging Strike
0-1: Foul Ball, location: 2F
0-2: Ball
1-2: Ball
2-2: Foul Ball, location: 2F
2-2: Ball
3-2: Strikes out looking
Top of the 4th over - 1 run(s), 1 hit(s), 2 error(s), 1 left on base; Utah 1 - Indiana 2
BOTTOM OF THE 4TH
Indiana Hoosiers batting - Pitching for Utah Utes : RHP Scot Robertson
Batting: RHB Luis Marquis 0-0: Ball
1-0: Ball
2-0: Ball
3-0: Foul Ball, location: 2F
3-1: Base on Balls
Pitching: RHP Albert Cole
Batting: LHB Michael Hanson 0-0: Ball
1-0: Ball
2-0: Fly out, F8 (Flyball, 8LM)
Batting: RHB Chris Wilson 0-0: Ball
1-0: Called Strike
1-1: Ball
2-1: Ball
3-1: Foul Ball, location: 2F
3-2: Foul Ball, location: 2F
3-2: Foul Ball, location: 2F
3-2: Base on Balls
Luis Marquis to second
Batting: RHB Phil Martin 0-0: Called Strike
0-1: Ball
1-1: Ball
2-1: Fly out, F8 (Flyball, 89M)
Batting: RHB Palmer Frazier 0-0: Ball
1-0: Ball
2-0: Foul Ball, location: 2F
2-1: Ball
3-1: Base on Balls
Luis Marquis to third
Chris Wilson to second
Batting: RHB Frank Reed 0-0: Swinging Strike
0-1: Foul Ball, location: 2F
0-2: Ball
1-2: Ground out 1-3 (Groundball, 13S)
Bottom of the 4th over - 0 run(s), 0 hit(s), 0 error(s), 3 left on base; Utah 1 - Indiana 2
TOP OF THE 5TH
Utah Utes batting - Pitching for Indiana Hoosiers : RHP José Díaz
Batting: RHB Steve Welch 0-0: SINGLE (Groundball, 4MD)
Batting: RHB Kevin Hernández 0-0: Ball
1-0: Grounds into double play, 6-4-3 (Groundball, 6)
Batting: SHB Josh Conner 0-0: Swinging Strike
0-1: Called Strike
0-2: Ball
1-2: Ball
2-2: Ground out 4-3 (Groundball, 4)
Top of the 5th over - 0 run(s), 1 hit(s), 0 error(s), 0 left on base; Utah 1 - Indiana 2
BOTTOM OF THE 5TH
Indiana Hoosiers batting - Pitching for Utah Utes : RHP Albert Cole
Batting: RHB Justin López 0-0: Called Strike
0-1: Ball
1-1: Ball
2-1: Foul Ball, location: 2F
2-2: Ball
3-2: Fly out, F9 (Flyball, 89M)
Batting: RHB Norm Walker 0-0: Ball
1-0: Ball
2-0: Ball
3-0: Base on Balls
Batting: RHB Millard Crawford 0-0: Called Strike
0-1: Ball
1-1: Ball
2-1: Called Strike
2-2: Ball
3-2: Grounds into double play, 6-4-3 (Groundball, 6)
Bottom of the 5th over - 0 run(s), 0 hit(s), 0 error(s), 0 left on base; Utah 1 - Indiana 2
TOP OF THE 6TH
Utah Utes batting - Pitching for Indiana Hoosiers : RHP José Díaz
Batting: LHB Jason King 0-0: Swinging Strike
0-1: Fly out, F7 (Flyball, 7LS)
Pitching: LHP Bob Johnston
Batting: RHB José Ayala 0-0: Called Strike
0-1: Foul Ball, location: 2F
0-2: Ball
1-2: Foul Ball, location: 2F
1-2: Fly out, F8 (Flyball, 78M)
Batting: SHB John May 0-0: Ball
1-0: Ball
2-0: Ball
3-0: Base on Balls
Batting: RHB Randy Banks 0-0: Ball
1-0: Ball
2-0: Foul Ball, location: 2F
2-1: Fielders Choice at 2nd, 4-6 (Groundball, 4)
Top of the 6th over - 0 run(s), 0 hit(s), 0 error(s), 0 left on base; Utah 1 - Indiana 2
BOTTOM OF THE 6TH
Indiana Hoosiers batting - Pitching for Utah Utes : RHP Albert Cole
Batting: RHB Luis Marquis 0-0: Called Strike
0-1: Ball
1-1: Called Strike
1-2: Fly out, F7 (Flyball, 78M)
Batting: LHB Michael Hanson 0-0: Ball
1-0: Foul Ball, location: 2F
1-1: Swinging Strike
1-2: Ball
2-2: Ground out 6-3 (Groundball, 6)
Batting: RHB Chris Wilson 0-0: Ground out 5-3 (Groundball, 56)
Bottom of the 6th over - 0 run(s), 0 hit(s), 0 error(s), 0 left on base; Utah 1 - Indiana 2
TOP OF THE 7TH
Utah Utes batting - Pitching for Indiana Hoosiers : LHP Bob Johnston
Batting: LHB Robby Bland 0-0: Called Strike
0-1: Foul Ball, location: 2F
0-2: Ball
1-2: Strikes out looking
Batting: RHB Anthony O'Bryan 0-0: Ball
1-0: SOLO HOME RUN (Flyball, 7D), Distance : 350 ft
Batting: RHB Steve Welch 0-0: Called Strike
0-1: Ground out 6-3 (Groundball, 6)
Batting: RHB Kevin Hernández 0-0: Called Strike
0-1: Foul Ball, location: 2F
0-2: Ball
1-2: Ball
2-2: Foul Ball, location: 2F
2-2: Ball
3-2: Foul Ball, location: 2F
3-2: Base on Balls
Batting: SHB Josh Conner 0-0: Ball
1-0: Foul Ball, location: 2F
1-1: Ball
2-1: Foul Ball, location: 2F
2-2: Foul Ball, location: 2F
2-2: Ball
3-2: Reached on error, E5 (Groundball, 5S)
Kevin Hernández to second
Pinch Hitting: RHB Rafael Cardenas 0-0: SINGLE (Flyball, 7LS)
Kevin Hernández to third
Josh Conner to second
Runner from 3rd tries for Home, SAFE, no throw
Pitching: RHP Scott Doyle
Pinch Hitting: LHB Thad Green 0-0: Ball
1-0: Ball
2-0: Called Strike
2-1: Ball
3-1: Base on Balls
Josh Conner to third
Rafael Cardenas to second
Batting: SHB John May 0-0: Called Strike
0-1: Swinging Strike
0-2: Strikes out swinging
Top of the 7th over - 2 run(s), 2 hit(s), 1 error(s), 3 left on base; Utah 3 - Indiana 2
BOTTOM OF THE 7TH
Indiana Hoosiers batting - Pitching for Utah Utes : RHP Albert Cole
Now in LF: Thad Green
Now in CF: Carlos Mesa
Batting: RHB Phil Martin 0-0: Swinging Strike
0-1: Ball
1-1: Ball
2-1: Ground out 4-3 (Groundball, 34D)
Batting: RHB Palmer Frazier 0-0: Ball
1-0: Ball
2-0: Called Strike
2-1: Ball
3-1: Foul Ball, location: 2F
3-2: Foul Ball, location: 2F
3-2: Base on Balls
Pitching: RHP Jeff Pope
Batting: RHB Frank Reed 0-0: Foul Ball, location: 2F
0-1: Ball
1-1: Foul Ball, location: 2F
1-2: Strikes out looking
Batting: RHB Justin López 0-0: Foul Ball, location: 2F
0-1: Foul Ball, location: 2F
0-2: Ball
1-2: Ball
2-2: Fielders Choice at 2nd, 6-4 (Groundball, 6)
Bottom of the 7th over - 0 run(s), 0 hit(s), 0 error(s), 0 left on base; Utah 3 - Indiana 2
TOP OF THE 8TH
Utah Utes batting - Pitching for Indiana Hoosiers : RHP Scott Doyle
Pitching: RHP Edward Armstrong
Batting: RHB Randy Banks 0-0: Foul Ball, location: 2F
0-1: Ball
1-1: Ball
2-1: Fly out, F8 (Flyball, 8LD)
Batting: LHB Robby Bland 0-0: Called Strike
0-1: Ball
1-1: Called Strike
1-2: Strikes out swinging
Batting: RHB Anthony O'Bryan 0-0: Called Strike
0-1: Swinging Strike
0-2: Ball
1-2: Ball
2-2: Ball
3-2: Strikes out swinging
Top of the 8th over - 0 run(s), 0 hit(s), 0 error(s), 0 left on base; Utah 3 - Indiana 2
BOTTOM OF THE 8TH
Indiana Hoosiers batting - Pitching for Utah Utes : RHP Jeff Pope
Batting: RHB Norm Walker 0-0: Ball
1-0: Ball
2-0: Called Strike
2-1: Called Strike
2-2: Foul Ball, location: 2F
2-2: Foul Ball, location: 2F
2-2: Foul Ball, location: 2F
2-2: SINGLE (Groundball, 56D)
Batting: RHB Millard Crawford 0-0: Sac Bunt - play at first, batter OUT! 2-4
Norm Walker to second
Batting: RHB Luis Marquis 0-0: Foul Ball, location: 2F
0-1: Foul Ball, location: 2F
0-2: Ball
1-2: Ball
2-2: Ball
3-2: Foul Ball, location: 2F
3-2: Strikes out looking
Pitching: LHP Franklin O'Morchoe
Batting: LHB Michael Hanson 0-0: Ground out U3 (Groundball, 34)
Bottom of the 8th over - 0 run(s), 1 hit(s), 0 error(s), 1 left on base; Utah 3 - Indiana 2
TOP OF THE 9TH
Utah Utes batting - Pitching for Indiana Hoosiers : RHP Edward Armstrong
Pitching: LHP Benny Christopher
Batting: RHB Steve Welch 0-0: Called Strike
0-1: Ball
1-1: Called Strike
1-2: Foul Ball, location: 2F
1-2: Strikes out looking
Batting: RHB Kevin Hernández 0-0: Called Strike
0-1: Called Strike
0-2: SINGLE (Groundball, 56) (infield hit)
Pinch Hitting: RHB Leo Snyder 0-0: Called Strike
0-1: Called Strike
0-2: Ball
1-2: Strikes out swinging
Batting: SHB Carlos Mesa 0-0: Fly out, F6 (Popup, 6D)
Top of the 9th over - 0 run(s), 1 hit(s), 0 error(s), 1 left on base; Utah 3 - Indiana 2
BOTTOM OF THE 9TH
Indiana Hoosiers batting - Pitching for Utah Utes : LHP Franklin O'Morchoe
Pitching: RHP Bruno Poulin
Now at C: Jeff Mann
Batting: RHB Chris Wilson 0-0: Ball
1-0: Ball
2-0: Ball
3-0: Base on Balls
Batting: RHB Phil Martin 0-0: Called Strike
0-1: Fielders Choice at 2nd, 5-4 (Groundball, 56)
Batting: RHB Palmer Frazier 0-0: Ball
1-0: Called Strike
1-1: Foul Ball, location: 2F
1-2: Ball
2-2: Ball
3-2: Foul Ball, location: 2F
3-2: Foul Ball, location: 2F
3-2: Foul Ball, location: 2F
3-2: Foul Ball, location: 2F
3-2: Base on Balls
Phil Martin to second
Batting: RHB Frank Reed 0-0: Ball
1-0: Ball
2-0: Foul Ball, location: 2F
2-1: Swinging Strike
2-2: SINGLE (Groundball, 6MD)
Phil Martin to third
Palmer Frazier to second
Batting: RHB Justin López 0-0: Called Strike
0-1: Ball
Wild Pitch!
Phil Martin scores
Palmer Frazier to third
Frank Reed to second
1-1: Intentional Walk
Pinch Hitting: RHB Stephen McNeely 0-0: Fly out, F5 (Line Drive, 5)
Batting: RHB Millard Crawford 0-0: Ball
1-0: Fly out, F2 (Popup, 4S)
Bottom of the 9th over - 1 run(s), 1 hit(s), 0 error(s), 3 left on base; Utah 3 - Indiana 3
TOP OF THE 10TH
Utah Utes batting - Pitching for Indiana Hoosiers : LHP Benny Christopher
Now at C: Patrick McNight
Batting: LHB Thad Green 0-0: Ball
1-0: Swinging Strike
1-1: Ground out 5-3 (Groundball, 56)
Batting: SHB John May 0-0: Ball
1-0: Foul Ball, location: 2F
1-1: Called Strike
1-2: Ball
2-2: Foul Ball, location: 2F
2-2: Strikes out swinging
Batting: RHB Randy Banks 0-0: Ball
1-0: SINGLE (Flyball, 78S) - OUT at second base trying to stretch hit.
Top of the 10th over - 0 run(s), 1 hit(s), 0 error(s), 0 left on base; Utah 3 - Indiana 3
BOTTOM OF THE 10TH
Indiana Hoosiers batting - Pitching for Utah Utes : RHP Bruno Poulin
Batting: RHB Luis Marquis 0-0: Ball
1-0: Ball
2-0: Called Strike
2-1: Foul Ball, location: 2F
2-2: Fly out, F7 (Flyball, 7S)
Batting: LHB Michael Hanson 0-0: Ball
1-0: Ball
2-0: Called Strike
2-1: Swinging Strike
2-2: Ball
3-2: SINGLE (Line Drive, 8RS)
Batting: RHB Chris Wilson 0-0: SINGLE (Groundball, 6MD)
Michael Hanson to second
Batting: RHB Phil Martin 0-0: Called Strike
Michael Hanson steals 3rd base
Chris Wilson to second
0-1: Intentional Walk
Batting: RHB Palmer Frazier 0-0: Fly out, F8 (Flyball, 8RS)
Batting: RHB Frank Reed 0-0: Fly out, F8 (Flyball, 8LM)
Bottom of the 10th over - 0 run(s), 2 hit(s), 0 error(s), 3 left on base; Utah 3 - Indiana 3
TOP OF THE 11TH
Utah Utes batting - Pitching for Indiana Hoosiers : LHP Benny Christopher
Pitching: LHP Paul Holden
Batting: LHB Robby Bland 0-0: Called Strike
0-1: Foul Ball, location: 2F
0-2: Ball
1-2: Fly out, F9 (Flyball, 89S)
Batting: RHB Anthony O'Bryan 0-0: Foul Ball, location: 2F
0-1: Fly out, F2 (Popup, 13S)
Batting: RHB Steve Welch 0-0: Called Strike
0-1: Ground out 5-3 (Groundball, 56)
Top of the 11th over - 0 run(s), 0 hit(s), 0 error(s), 0 left on base; Utah 3 - Indiana 3
BOTTOM OF THE 11TH
Indiana Hoosiers batting - Pitching for Utah Utes : RHP Bruno Poulin
Pitching: RHP Mike Dunn
Batting: RHB Justin López 0-0: Called Strike
0-1: Ball
1-1: Ground out 6-3 (Groundball, 6D)
Batting: RHB Patrick McNight 0-0: Ground out 5-3 (Groundball, 56S)
Batting: RHB Millard Crawford 0-0: Swinging Strike
0-1: Ball
1-1: Fly out, F8 (Flyball, 8RM)
Bottom of the 11th over - 0 run(s), 0 hit(s), 0 error(s), 0 left on base; Utah 3 - Indiana 3
TOP OF THE 12TH
Utah Utes batting - Pitching for Indiana Hoosiers : LHP Paul Holden
Batting: RHB Kevin Hernández 0-0: Ball
1-0: SOLO HOME RUN (Line Drive, 7D), Distance : 360 ft
Batting: SHB Jeff Mann 0-0: Foul Ball, location: 2F
0-1: Foul Ball, location: 2F
0-2: Foul Ball, location: 2F
0-2: Ball
1-2: Foul Ball, location: 2F
1-2: Ball
2-2: Ball
3-2: SINGLE (Groundball, 34D)
Batting: SHB Carlos Mesa 0-0: Ball
1-0: Sac Bunt - play at first, batter OUT! 1-4
Jeff Mann to second
Batting: LHB Thad Green 0-0: Ball
1-0: Fly out, F7 (Flyball, 7)
Batting: SHB John May 0-0: Ball
1-0: Ground out 5-3 (Groundball, 56)
Top of the 12th over - 1 run(s), 2 hit(s), 0 error(s), 1 left on base; Utah 4 - Indiana 3
BOTTOM OF THE 12TH
Indiana Hoosiers batting - Pitching for Utah Utes : RHP Mike Dunn
Batting: RHB Luis Marquis 0-0: Ball
1-0: Foul Ball, location: 2F
1-1: Fly out, F8 (Flyball, 8RD)
Batting: LHB Michael Hanson 0-0: Ball
1-0: Called Strike
1-1: Foul Ball, location: 2F
1-2: Foul Ball, location: 2F
1-2: SINGLE (Line Drive, 9LS)
Batting: RHB Chris Wilson 0-0: SINGLE (Groundball, 6MD)
Michael Hanson to second
Runner from 2nd tries for 3rd, SAFE, no throw
Batting: RHB Phil Martin 0-0: Ball
1-0: Foul Ball, location: 2F
1-1: Called Strike
1-2: DOUBLE (Flyball, 7LD)
Michael Hanson scores
Chris Wilson to third
Batting: RHB Palmer Frazier 0-0: Intentional Walk
Batting: RHB Frank Reed 0-0: Foul Ball, location: 2F
0-1: Ball
1-1: Ball
2-1: Grounds into fielders choice 1-2 (Groundball, 13S)
Phil Martin to third
Palmer Frazier to second
Batting: RHB Justin López 0-0: Ball
1-0: Ball
2-0: Foul Ball, location: 2F
2-1: Ball
3-1: Base on Balls
Phil Martin scores
Palmer Frazier to third
Frank Reed to second
Tuesday, August 8th, 2017 - OOTP Baseball 17.12 Build 75